 Dungeon Crawl Stone Soup version 0.28.0-49-g6dfe1f597d (webtiles) character file.

Game seed: 3207648835079339356

67 safid the Skirmisher (level 4, 0/40 HPs)
             Began as a Hill Orc Fighter on May 13, 2022.
             Slain by Terence
             ... wielding a +0 hand axe
              (5 damage)
             ... on level 1 of the Dungeon on May 14, 2022.
             The game lasted 00:01:53 (1254 turns).

safid the Skirmisher (Hill Orc Fighter)             Turns: 1254, Time: 00:01:54

Health: 0/40       AC:  7    Str: 20    XL:     4   Next: 16%
Magic:  4/4        EV:  9    Int:  8    God:
Gold:   37         SH:  4    Dex: 10    Spells: 3/3 levels left

rFire   . . .      SeeInvis +   a - +0 war axe
rCold   . . .      Faith    .   c - +0 buckler
rNeg    . . .      Spirit   .   b - +0 scale mail
rPois   .          Reflect  .   (no helmet)
rElec   .          Harm     .   (no cloak)
rCorr   .          Rampage  .   (no gloves)
Will    .....                   (no boots)
Stlth   ..........              (no amulet)
HPRegen 0.13/turn               n - ring of see invisible
MPRegen 0.09/turn               (no ring)

@: no status effects
A: no striking features
a: no special abilities


You were on level 1 of the Dungeon.
You visited 1 branch of the dungeon, and saw 2 of its levels.

You collected 37 gold pieces.

Inventory:

Hand Weapons
 a - a +0 war axe (weapon)
Armour
 b - a +0 scale mail (worn)
 c - a +0 buckler (worn)
Jewellery
 n - a ring of see invisible (left hand)
Scrolls
 e - a scroll of holy word {unknown}
 f - a scroll of identify {unknown}
 g - a scroll of torment {unknown}
 h - a scroll of enchant armour {unknown}
 i - a scroll of vulnerability {unknown}
 k - a scroll of noise {unknown}
 l - a scroll of blinking {unknown}
 m - a scroll of teleportation {unknown}
Potions
 d - a potion of might
 j - a potion of brilliance {unknown}


   Skills:
 - Level 4.0 Fighting
 + Level 4.0 Axes
 - Level 4.0 Armour
 - Level 4.0 Shields


You had 3 spell levels left.
You didn't know any spells.
Your spell library contained the following spells:

 Spells                   Type           Power      Damage    Failure   Level
 Ozocubu's Armour         Ice            0%         N/A       99%         3
 Ozocubu's Refrigeration  Ice            0%         4d5       100%        7


Dungeon Overview and Level Annotations

Branches:
Dungeon (2/15)

Altars:

Annotations:
D:1 Terence


Message History

Found a stone staircase leading up.
You see here an adder corpse.
A gnoll comes into view. It is wielding a +0 whip.
Nothing quivered!
A gnoll is nearby!
You are too injured to fight recklessly!
You are too injured to fight recklessly!
You are too injured to fight recklessly!
The gnoll shouts!
You hear a shout!
Terence the Incautious comes into view.
He is wielding a +0 hand axe and wearing a +3 ring mail of cold resistance.
Found a metallic yellow potion.
Terence shouts!
Terence hits you but does no damage. Terence barely misses you.
There is a stone staircase leading up here.
Terence barely misses you.
You climb upwards.
There is a stone staircase leading down here.
You barely miss Terence. Terence hits you with a +0 hand axe.
You hit Terence but do no damage. Terence hits you with a +0 hand axe.
You slash Terence!
Terence is severely wounded.
Terence hits you but does no damage. Terence hits you with a +0 hand axe.
* * * LOW HITPOINT WARNING * * *
You barely miss Terence.
Terence is severely wounded.
Terence hits you with a +0 hand axe.
* * * LOW HITPOINT WARNING * * *
You hit Terence but do no damage.
Terence is severely wounded.
You block Terence's attack.
You closely miss Terence.
Terence is severely wounded.
Terence hits you with a +0 hand axe.
* * * LOW HITPOINT WARNING * * *
Terence barely misses you.
You hit Terence.
Terence is severely wounded.
Terence hits you with a +0 hand axe.
You die...

#.# #.#
#...######......... #.#
#.###.#.#.#.#.#.#......
#.#
##...#............####.
##.#######
##.###.#.#.#.#.### ##.
#........#
#.##...........# ##..
#..#####.#
#.###.#.#.#.#.####.#.
#..# #.#
#.##...........##.##.
#..# #.#
#.###.#.#.#.#.##.....
#.)# #.#
#.##@@.........#..##.
#.†#####.#
#.###.#.#.#.#.##.#.#.
#........#
#.#............#.##..
#.#####..#
#.#.#.#.#.#.#.#...##.
#.# #..#
#>...##.####.........
#.# #..# ####....#
####)..### #^# #..#
#.#### ##.## #.#####..#
#.# #####.# #
#........#
#.#######.....# #


You could see Terence.

Vanquished Creatures
  2 adders (D:2)
  A dart slug (D:1)
  2 bats (D:1)
  3 endoplasms (D:1)
  A giant cockroach (D:2)
  4 goblins
  4 hobgoblins (D:1)
  5 jackals
  4 kobolds (D:1)
  3 quokkas
  5 ball pythons
  7 rats
41 creatures vanquished.

Notes
Turn   | Place    | Note
-------+----------+-------------------------------------------
     0 | D:1      | safid the Hill Orc Fighter began the quest for the Orb.
     0 | D:1      | Reached XP level 1. HP: 19/19 MP: 1/1
   192 | D:1      | Reached XP level 2. HP: 20/27 MP: 2/2
   631 | D:1      | Reached XP level 3. HP: 33/33 MP: 3/3
  1203 | D:2      | Reached XP level 4. HP: 19/40 MP: 4/4
  1242 | D:2      | Noticed Terence
  1254 | D:1      | Slain by Terence

Illustrated notes

Levels and vault maps discovered:
D:1:      tarquinn_simple_flora_water_b, layout_loops_ring, st_stairs_10
D:2:      layout_rooms, uniq_terence, uniq_crazy_yiuf_cottage

Skill      XL: |  1  2  3  4 |
---------------+-------------+-----
Axes           | 3 4 |  4.0
Fighting       | 4 |  4.0
Shields        | 4 |  4.0
Armour         | 4 |  4.0

Action                   |  1- 3 |  4- 6 || total
-------------------------+-------+-------++-------
Melee: War axe           |   103 |    14 ||   117
Armor: Scale mail        |    49 |     5 ||    54
Dodge: Dodged            |    54 |     5 ||    59
Block: Buckler           |    22 |     4 ||    26
